 Dungeon Crawl Stone Soup version 0.23.1-38-g628c18f423 (webtiles) character file.

Game seed: 3152938859280006379

6609 Revguard the Carver (level 10, 0/84 HPs)
             Began as a Grey Draconian Gladiator on Mar 29, 2019.
             Was a Follower of Ashenzari.
             Slain by a freezing wraith (15 damage)
             ... on level 10 of the Dungeon.
             The game lasted 00:39:56 (7759 turns).

Revguard the Carver (Grey Draconian Gladiator)      Turns: 7759, Time: 00:39:57

Health: 0/84       AC: 22    Str: 16    XL:     10   Next: 71%
Magic:  24/24      EV: 22    Int: 10    God:    Ashenzari [*.....]
Gold:   395        SH:  0    Dex: 20    Spells: 9/9 levels left

rFire    . . .     SeeInvis .   s - +1 great sword (drain) (curse)
rCold    . . .     Gourm    .   (shield currently unavailable)
rNeg     + . .     Faith    .   (armour unavailable)
rPois    .         Spirit   .   b - +0 hat (curse)
rElec    +         Reflect  .   e - +2 cloak (curse)
rCorr    .         Harm     .   f - +0 pair of gloves
MR       .....                  (no boots)
Stlth    ++++......             y - amulet of the acrobat
HPRegen  0.24/turn              u - ring of Qaasm {rElec rN+ MP+9}
MPRegen  0.19/turn              k - +6 ring of protection (curse)

@: agile, slowed, very slow
A: walk through water, unfitting armour, unbreathing, cold-blooded, AC +12
a: Curse Item, Scrying, Renounce Religion


You were on level 10 of the Dungeon.
You worshipped Ashenzari.
Ashenzari was aware of your devotion.
You were not hungry.

You visited 2 branches of the dungeon, and saw 11 of its levels.

You collected 395 gold pieces.

Inventory:

Hand Weapons
 a - a +0 long sword
 s - a cursed +1 great sword of draining (weapon)
 w - a +1 dagger of venom
Missiles
 c - 4 throwing nets (quivered)
Armour
 b - a cursed +0 hat (worn)
 e - a cursed +2 cloak (worn)
 f - a +0 pair of gloves (worn)
Jewellery
 h - an uncursed amulet of harm
 j - an uncursed ring of wizardry
 k - a cursed +6 ring of protection (right hand)
 o - an uncursed ring of wizardry
 p - an uncursed ring of fire
 u - the ring of Qaasm (left hand) {rElec rN+ MP+9}
   (You found it on level 6 of the Dungeon)

   [ring of positive energy]

   It insulates you from electricity.
   It protects you from negative energy.
   It affects your magic capacity (+9).
 y - an amulet of the acrobat (around neck)
Wands
 t - a wand of acid (1)
Scrolls
 i - 3 scrolls of immolation
 m - a scroll of summoning {unknown}
 q - 4 scrolls of identify
 r - a scroll of fog
 v - a scroll of blinking
 x - 3 scrolls of amnesia
 z - a scroll of enchant weapon
 A - a scroll of magic mapping
Potions
 n - a potion of might
Comestibles
 d - 19 rations


   Skills:
 + Level 6.9 Fighting
 + Level 11.2 Long Blades
 - Level 1.7 Throwing
 + Level 6.4 Dodging
 + Level 4.6 Stealth
 * Level 6.8 Evocations


You had 9 spell levels left.
You didn't know any spells.
Your spell library was empty.

Dungeon Overview and Level Annotations

Branches:
Dungeon (10/15)            Temple (1/1) D:7            Lair (0/6) D:8
    Orc (0/2) D:9

Altars:
Ashenzari
Cheibriados
Dithmenos
Elyvilon
Fedhas
Gozag
Hepliaklqana
Kikubaaqudgha
Makhleb
Nemelex Xobeh
Okawaru
Qazlal
Ru
Sif Muna
Trog
Uskayaw
Vehumet
Wu Jian
Xom
Yredelemnul
Zin
The Shining One


Innate Abilities, Weirdness & Mutations

You can walk through water.
Your dull iron-grey scales are very hard. (AC +12)
You cannot fit into any form of body armour.
You can survive without breathing.
You are cold-blooded and may be slowed by cold attacks.


Message History

Your worker ant bites the freezing wraith but does no damage.
Your soldier ant stings the freezing wraith.
You closely miss the freezing wraith.
You tail-slap the freezing wraith, but do no damage.
The freezing wraith is severely damaged.
Your worker ant closely misses the freezing wraith.
The freezing wraith completely misses you.
The freezing wraith misses you.
Your soldier ant stings the freezing wraith.
Your worker ant barely misses the freezing wraith.
The freezing wraith closely misses you. The freezing wraith hits you.
* * * LOW HITPOINT WARNING * * *
The freezing wraith drains your vigour!
You feel as though you will be slow longer.
You hit the freezing wraith.
The freezing wraith is almost destroyed.
Your worker ant barely misses the freezing wraith.
The freezing wraith completely misses you.
The freezing wraith hits you!
You die...

.. ..##...####...##........
... ###..######............
.... #..##}..:##...........
..##........##...........
##.)......##...........
##(^##....##)..........
###).######†...........
..##.aW####...##........
....###!a@...((###........
......####)..(####.........
#####..##########..........
##...######............
###...................
#####...##..........
#####...........
#............
#.............


You could see a freezing wraith, a friendly soldier ant and a friendly worker
ant.

Vanquished Creatures
  A two-headed ogre (D:6)
  4 yaks (D:9)
  A steam dragon (D:9)
  2 porcupines (D:8)
  A water moccasin (D:7)
  3 black bears
  4 orc warriors
  2 sky beasts
  2 phantoms
  A necrophage (D:9)
  2 ice beasts
  4 ogres
  7 centaurs
  A crocodile (D:9)
  A gnoll sergeant (D:7)
  6 bullfrogs
  3 scorpions
  A water moccasin skeleton (D:6)
  9 killer bees
  6 wights
  A howler monkey (D:6)
  A centaur zombie (D:6)
  7 crimson imps
  A quasit (D:6)
  2 jellies
  Crazy Yiuf (D:3)
  8 orc priests
  3 hounds
  9 orc wizards
  5 iguanas
  4 worker ants
  A hound skeleton (D:9)
  A howler monkey zombie (D:10)
  3 gnolls (D:7)
  11 adders
  A shadow imp (D:7)
  An ooze (D:2)
  An adder skeleton (D:4)
  An adder zombie (D:7)
  4 worms
  2 dart slugs
  4 leopard geckos
  35 orcs
  A ball python (D:2)
  6 bats
  3 giant cockroaches
  8 hobgoblins
  6 kobolds
  2 quokkas
  7 frilled lizards
  9 goblins
  6 rats
216 creatures vanquished.

Vanquished Creatures (collateral kills)
  A centaur zombie (D:10)
1 creature vanquished.

Grand Total: 217 creatures vanquished

Notes
Turn   | Place    | Note
-------+----------+-------------------------------------------
     0 | D:1      | Revguard the Draconian Gladiator began the quest for the
                  | Orb.
     0 | D:1      | Reached XP level 1. HP: 17/17 MP: 1/1
   157 | D:1      | Reached XP level 2. HP: 21/25 MP: 2/2
   668 | D:2      | Reached XP level 3. HP: 30/30 MP: 3/3
  1220 | D:3      | Reached XP level 4. HP: 37/37 MP: 4/4
  1292 | D:3      | Reached skill level 4 in Long Blades
  1292 | D:3      | Reached skill level 1 in Evocations
  1621 | D:3      | Found a runed translucent door.
  1622 | D:3      | Noticed Crazy Yiuf
  1632 | D:3      | Killed Crazy Yiuf
  1632 | D:3      | Reached XP level 5. HP: 11/44 MP: 4/6
  2499 | D:4      | Reached skill level 5 in Long Blades
  2499 | D:4      | Reached XP level 6. HP: 44/51 MP: 7/7
  2504 | D:4      | Reached skill level 1 in Stealth
  2823 | D:4      | Your scales start taking on a dull iron-grey colour.
  2823 | D:4      | Reached XP level 7. HP: 9/57 MP: 9/9
  2823 | D:4      | Gained mutation: You can survive without breathing. [Grey
                  | Draconian growth]
  3295 | D:5      | Entered Level 5 of the Dungeon
  3511 | D:5      | Found a shimmering altar of Xom.
  3671 | D:5      | Reached skill level 6 in Long Blades
  3947 | D:6      | Noticed a two-headed ogre
  3955 | D:6      | Killed a two-headed ogre
  3955 | D:6      | Reached skill level 7 in Long Blades
  3955 | D:6      | Reached XP level 8. HP: 66/66 MP: 9/11
  4053 | D:6      | Reached skill level 5 in Dodging
  4497 | D:6      | Found a shattered altar of Ashenzari.
  4595 | D:6      | Reached skill level 8 in Long Blades
  4657 | D:6      | Got a glittering ivory ring
  4658 | D:6      | Identified the ring of Qaasm {rElec rN+ MP+9} (You found it
                  | on level 6 of the Dungeon)
  4915 | D:6      | Reached XP level 9. HP: 72/72 MP: 12/12
  5406 | D:7      | Reached skill level 5 in Fighting
  5492 | D:7      | Reached skill level 5 in Evocations
  5529 | D:7      | Reached skill level 9 in Long Blades
  5882 | D:7      | Found a staircase to the Ecumenical Temple.
  5891 | Temple   | Entered the Ecumenical Temple
  6047 | Temple   | Became a worshipper of Ashenzari the Shackled
  6328 | D:7      | Found a radiant altar of Vehumet.
  6523 | D:8      | Reached skill level 10 in Long Blades
  6539 | D:8      | Reached XP level 10. HP: 68/83 MP: 14/14
  6836 | D:8      | Found a blossoming altar of Fedhas.
  6993 | D:8      | Found a staircase to the Lair.
  7166 | D:9      | Reached * piety under Ashenzari
  7315 | D:9      | Found a staircase to the Orcish Mines.
  7316 | D:9      | Reached skill level 11 in Long Blades
  7669 | D:10     | Entered Level 10 of the Dungeon
  7759 | D:10     | Slain by a freezing wraith

Skill      XL: |  1  2  3  4  5  6  7  8  9 10 |
---------------+-------------------------------+-----
Dodging        | 3 4 5 6 |  6.4
Long Blades    | 4 5 7 8 10 11 | 11.2
Evocations     | 1 2 4 5 6 |  6.8
Fighting       | 3 4 6 |  6.9
Stealth        | 1 3 4 |  4.6
Throwing       | |  1.7

Action                   |  1- 3 |  4- 6 |  7- 9 | 10-12 || total
-------------------------+-------+-------+-------+-------++-------
Melee: Long sword        |    79 |   149 |   260 |       ||   488
       Tailslap          |     9 |    13 |    59 |    24 ||   105
       Great sword       |       |       |    76 |   138 ||   214
Invok: Curse Item        |       |       |     1 |     3 ||     4
Evoke: Wand              |       |     2 |     8 |     2 ||    12
       Sack of spiders   |       |       |       |     1 ||     1
  Use: Scroll            |     7 |     2 |    11 |     2 ||    22
       Potion            |     2 |     2 |     1 |     1 ||     6
 Stab: Sleeping          |       |     2 |     6 |     5 ||    13
       Confused          |       |     1 |     2 |       ||     3
  Eat: Chunk             |       |     6 |    13 |     4 ||    23
Armor: Skin              |    35 |    54 |   132 |    77 ||   298
Dodge: Dodged            |    75 |   104 |   231 |   172 ||   582
       Rpst.: Long sword |    23 |    34 |    61 |       ||   118
       Great sword       |       |       |    16 |    46 ||    62
